Map: Frozen Temple

Players

soulglader

  • Race: Protoss Protoss
  • League: Silver

Gracz - Winner!

  • Race: Terran Terran
  • League: Silver

VOD

Have the link to the VOD?

Description

Time

  • Played on: Nov. 3, 2016, 3:07 p.m.
  • Length: 7:25
Show
View Real Time Build Order
Export as new Build Order

soulglader Protoss 

Build Orders: Double Forge 

Get SALT Encoding   

  12  0:01  Probe (Chrono Boost)  
  13  0:13  Pylon  
  13  0:18  Probe (Chrono Boost)  
  14  0:29  Probe (Chrono Boost)  
  15  0:36  Gateway  
  15  0:39  Probe (Chrono Boost)  
  16  0:50  Assimilator, Probe (Chrono Boost)  
  17  1:00  Probe (Chrono Boost)  
  18  1:05  Pylon  
  19  1:11  Probe (Chrono Boost)  
  19  1:22  Probe (Chrono Boost)  
  20  1:27  Cybernetics Core  
  20  1:38  Probe (Chrono Boost)  
  21  1:40  Zealot  
  23  1:49  Assimilator  
  23  1:50  Probe (Chrono Boost)  
  24  2:00  Probe (Chrono Boost)  
  25  2:08  Gateway  
  25  2:11  Probe (Chrono Boost)  
  26  2:21  Sentry  
  28  2:36  Mothership Core (Chrono Boost)  
  30  2:38  Unknown, Nexus  
  29  3:08  Stalker  
  31  3:19  Pylon  
  29  3:37  Probe (Chrono Boost)  
  28  3:48  Probe (Chrono Boost)  
  29  3:49  Unknown  
  29  3:51  Stalker  
  29  3:52  Stalker  
  33  3:57  Warp Gate  
  33  3:58  Pylon  
  33  4:09  Forge  
  33  4:21  Stalker, Probe (Chrono Boost)  
  33  4:22  Stalker  
  37  4:31  Probe (Chrono Boost)  
  37  4:37  Forge  
  38  4:43  Probe x2 (Chrono Boost)  
  40  4:51  Stalker  
  40  4:52  Stalker  
  44  4:54  Probe (Chrono Boost)  
  44  4:56  Probe (Chrono Boost)  
  44  4:59  Robotics Facility  
  46  5:09  Pylon  
  46  5:11  Pylon  
  46  5:26  Stalker  
  46  5:27  Probe (Chrono Boost)  
  50  5:28  Probe (Chrono Boost)  
  50  5:32  Pylon  
  50  5:37  Probe (Chrono Boost)  
  50  5:40  Probe (Chrono Boost)  
  48  5:47  Gateway  
  48  5:54  Gateway  
  44  6:16  Mothership Core (Chrono Boost)  
  42  6:19  Stalker x2  
  46  6:45  Stalker  
  46  6:46  Stalker  
  50  6:50  Probe (Chrono Boost)  
  50  6:51  Pylon, Probe (Chrono Boost)  
  52  7:03  Probe (Chrono Boost)  
Show
View Real Time Build Order
Export as new Build Order

Gracz Terran - Winner!

Build Orders:  

Get SALT Encoding   

  12  0:01  SCV  
  13  0:17  Supply Depot  
  13  0:18  SCV  
  14  0:33  SCV  
  15  0:45  SCV  
  15  0:46  Refinery  
  16  0:56  Supply Depot  
  16  0:57  SCV  
  16  1:01  Barracks  
  17  1:14  Barracks  
  17  1:18  SCV  
  18  1:30  SCV  
  19  1:35  Supply Depot  
  19  1:39  Refinery  
  19  1:48  SCV  
  19  1:50  Reaper  
  21  2:01  Orbital Command  
  21  2:03  Reaper  
  22  2:28  Reaper  
  23  2:35  Reaper  
  24  2:58  Factory  
  24  3:00  Reaper  
  25  3:24  Reaper  
  22  4:03  Marine  
  22  4:04  Marine  
  22  4:06  Factory Tech Lab  
  24  4:10  Starport  
  24  4:28  Barracks Tech Lab, Barracks Reactor  
  24  4:30  Cyclone  
  24  4:43  Bunker  
  24  4:46  Mag-Field Accelerator  
  24  4:49  Starport Reactor  
  24  4:54  Marauder  
  26  5:05  Marine x2  
  28  5:12  Cyclone  
  32  5:17  Unknown, Command Center  
  32  5:19  Marauder  
  34  5:23  Marine x2  
  36  5:41  Marine, Marauder  
  39  5:45  Supply Depot  
  39  5:47  Supply Depot  
  39  5:55  Marine  
  38  6:00  Marine  
  39  6:06  Marine  
  40  6:13  Marine  
  37  6:28  Unknown  
  37  6:29  Cyclone  
  37  6:30  Medivac, Viking  
  41  6:44  Marine x2  
  42  6:52  Orbital Command  
Tags
 
Add a new tag
Caveats
  • Supply blocks, unpowered buildings, or Contaminate may cause inaccurate times.
  • Supply counts are checked every 10 seconds.